 Dungeon Crawl Stone Soup version 0.30.0 (webtiles) character file.

Game seed: 1458339337027121460

35 Kuronicle the Trooper (level 3, 0/29 HPs)
             Began as a Demonspawn Berserker on May 6, 2023.
             Was a Believer of Trog.
             Slain by Natasha (8 damage)
             ... on level 2 of the Dungeon.
             The game lasted 00:03:20 (1093 turns).

Kuronicle the Trooper (Demonspawn Berserker)        Turns: 1093, Time: 00:03:21

Health: 0/29       AC: 11    Str: 22    XL:     3   Next: 16%
Magic:  3/3        EV: 14    Int:  8    God:    Trog [**....]
Gold:   759        SH:  0    Dex: 12    Spells: 2/2 levels left

rFire   . .          .
                       - Unarmed
rCold   . . .        (no shield)
rNeg    . . .        a - +0 chain mail
rPois   .            (no helmet)
rElec   .            h - +0 cloak
rCorr   .            c - +0 pair of gloves {Str+3}
SInv    .            (no boots)
Will    +....        (no amulet) Stlth
                     b - +5 ring of evasion
HPRegen 0.24/turn    f - ring of willpower
MPRegen 0.16/turn

%: no passive effects
@: no status effects
A: hooves 1, magic regeneration
a: Renounce Religion, Berserk, Trog's Hand


You were on level 2 of the Dungeon.
You worshipped Trog.
Trog was pleased with you.
You visited 1 branch of the dungeon, and saw 2 of its levels.

You collected 759 gold pieces.

Inventory:

Armour
 a - a +0 chain mail (worn)
 c - a +0 pair of gloves of strength (worn)
 h - a +0 cloak (worn)
Jewellery
 b - a +5 ring of evasion (left hand)
 f - a ring of willpower (right hand)
Potions
 d - a potion of brilliance


   Skills:
 - Level 3.0 Fighting
 * Level 2.7 Armour
 * Level 2.5 Dodging
 - Level 2.6 Unarmed Combat


You had 2 spell levels left.
You didn't know any spells.
Your spell library was empty.

Dungeon Overview and Level Annotations

Branches:
Dungeon (2/15)

Altars:

Annotations:
D:2 Natasha


Innate Abilities, Weirdness & Mutations

You have large cloven feet.
You regenerate magic rapidly.


Message History

The cerulean imp is almost dead.
The cerulean imp hits you but does no damage.
The cerulean imp barely misses you.
You hit the cerulean imp.
You kill the cerulean imp!
The cerulean imp disappears in a puff of smoke!
Natasha claws you. The cerulean imp barely misses you.
There are no items here.
You hit Natasha. Your kick misses Natasha.
Natasha is moderately wounded.
Natasha claws you but does no damage. The cerulean imp barely misses you.
You barely miss Natasha. You kick Natasha.
Natasha is moderately wounded.
Natasha claws you but does no damage.
The cerulean imp hits you from afar with a +0 spear.
You hit Natasha.
Natasha is heavily wounded.
Natasha claws you but does no damage.
You hit Natasha.
Natasha is severely wounded.
The cerulean imp closely misses you. Natasha barely misses you.
You hit Natasha but do no damage.
Natasha is severely wounded.
The cerulean imp hits you but does no damage.
Natasha stares at you and mumbles some strange words.
The magic dart hits you but does no damage.
You hit Natasha but do no damage.
Natasha is severely wounded.
The cerulean imp closely misses you.
Natasha mumbles some strange words.
You hit Natasha but do no damage. You kick Natasha.
Natasha is almost dead.
The cerulean imp hits you from afar with a +0 spear.
* * * LOW HITPOINT WARNING * * *
Natasha stares at you and mumbles some strange words.
You resist with almost no effort.
You closely miss Natasha. Your kick misses Natasha.
Natasha is almost dead.
The cerulean imp misses you. Natasha claws you!
You die...

..... ...# .... ...##
### #+##... .... #<#
....... ... #.#
....... .. #.#
!.....5#. #.#
......5h##+## #.#
........@...# #.#
........##..## #.#
........##...######.#
........##..........#
........##...########
........###..#
...###### ##.# ...
#.# .. #>.


You could see Natasha and 2 cerulean imps.

Vanquished Creatures
  3 bats (D:1)
  An endoplasm (D:1)
  A giant cockroach (D:1)
  7 goblins (D:1)
  3 hobgoblins (D:1)
  3 jackals (D:1)
  3 kobolds (D:1)
  A quokka (D:1)
  2 ball pythons (D:1)
  2 frilled lizards (D:1)
  3 rats (D:1)
29 creatures vanquished.

Notes
Turn   | Place    | Note
-------+----------+-------------------------------------------
     0 | D:1      | Kuronicle the Demonspawn Berserker began the quest for the
                  | Orb.
     0 | D:1      | Reached XP level 1. HP: 18/18 MP: 1/1
   202 | D:1      | Gained mutation: You regenerate magic rapidly. [demonic
                  | ancestry]
   202 | D:1      | Reached XP level 2. HP: 24/24 MP: 2/2
   783 | D:1      | Gained mutation: You have large cloven feet. [demonic
                  | ancestry]
   783 | D:1      | Reached XP level 3. HP: 29/29 MP: 3/3
   827 | D:1      | Reached ** piety under Trog
  1039 | D:1      | Identified a scroll of acquirement
  1039 | D:1      | Acquired 695 gold pieces
  1064 | D:2      | Noticed Natasha
  1093 | D:2      | Slain by Natasha

Illustrated notes

Levels and vault maps discovered:
D:1:      zaba_arrival_water, layout_loops_corners
D:2:      layout_basic, kennysheep_crisscross, minmay_puff, uniq_natasha

Skill      XL: |  1 |
---------------+----+-----
Armour         | 2 |  2.7
Dodging        | 2 |  2.5
Fighting       | |  3.0
Unarmed Combat | |  2.6

Action                     || total
---------------------------++-------
  Melee: Unarmed           ||   111
         Kick              ||     9
         Punch             ||     1
    Use: Scroll            ||     4
         Potion            ||     1
 Armour: Animal skin       ||     5
         Ring mail         ||    11
         Chain mail        ||    16
  Dodge: Dodged            ||   119
